 Dungeon Crawl Stone Soup version 0.20-a0-1122-gb7cbeb9 (webtiles) character file.

2205 esteth the Spear-Bearer (level 9, -2/74 HPs)
             Began as a Formicid Abyssal Knight on May 14, 2017.
             Was an Elder of Lugonu.
             Shot with an arrow by a centaur (8 damage)
             ... on level 8 of the Dungeon.
             The game lasted 00:18:25 (8578 turns).

esteth the Spear-Bearer (Formicid Abyssal Knight)   Turns: 8578, Time: 00:18:27

Health: -2/74      AC:  4    Str: 17    XL:     9   Next: 60%
Magic:  14/14      EV: 11    Int: 13    God:    Lugonu [****..]
Gold:   421        SH:  0    Dex: 15    Spells: 5/8 levels left

rFire    . . .     SeeInvis +   n - +3 halberd
rCold    . . .     Gourm    +   (no shield)
rNeg     . . .     Faith    .   b - +1 leather armour
rPois    .         Spirit   .   (helmet unavailable)
rElec    .         Reflect  .   (no cloak)
rCorr    .         Harm     .   (no gloves)
MR       .....                  (no boots)
Stlth    +.........             e - amulet of the gourmand
Regen    0.3/turn               j - +3 ring of dexterity
MPRegen  0.2/turn               (no ring)

@: no status effects
A: permanent stasis, dig shafts and tunnels, four strong arms, antennae 3
a: Dig, Shaft Self, Depart the Abyss, Bend Space, Banish, Corrupt, Renounce
Religion


You were on level 8 of the Dungeon.
You worshipped Lugonu.
Lugonu was greatly pleased with you.
You were very full.

You visited 1 branch of the dungeon, and saw 8 of its levels.
You visited the Abyss 1 time.

You collected 421 gold pieces.

Inventory:

Hand Weapons
 n - a +3 halberd (weapon)
 r - a +0 trident
 w - a +2 war axe of draining
Armour
 b - a +1 leather armour (worn)
 k - a +0 ring mail
 o - a +2 chain mail
Jewellery
 e - an amulet of the gourmand (around neck)
 j - a +3 ring of dexterity (left hand)
 m - a +6 ring of protection {unknown}
Wands
 a - a wand of clouds (4/9)
 f - a wand of polymorph (6/24)
 i - a wand of lightning (5/15)
 l - a wand of paralysis (6/24)
Scrolls
 d - a scroll of identify
 g - 2 scrolls of fear
 h - 2 scrolls of remove curse
 q - 2 scrolls of fog
 x - a scroll of random uselessness {unknown}
 y - a scroll of magic mapping
 A - a scroll of immolation {unknown}
Potions
 t - a potion of flight
Books
 z - the Incunabulum of Cloudy Aid
   (You found it on level 7 of the Dungeon)

   Spells                             Type                      Level
   a - Shock                          Conjuration/Air              1
   b - Song of Slaying                Charms                       2
   c - Spectral Weapon                Hexes/Charms                 3
   d - Excruciating Wounds            Charms/Necromancy            5
   e - Freezing Cloud                 Conjuration/Ice/Air          6
Comestibles
 c - 7 bread rations
 p - 2 royal jellies
 u - 2 meat rations
 v - 4 fruits


   Skills:
 - Level 8.0 Fighting
 - Level 8.2 Polearms
 - Level 2.1 Armour
 - Level 0.8 Dodging
 + Level 0.2 Hexes
 - Level 7.8 Invocations


You had 5 spell levels left.
You knew the following spells:

 Your Spells              Type           Power        Failure   Level  Hunger
a - Spectral Weapon       Hex/Chrm       #.......     71%         3    ####...


Dungeon Overview and Level Annotations

Branches:
Dungeon (8/15)             Temple (0/1) D:6
   Lair: D:8-11

Altars:
Cheibriados
Fedhas
Ru
Trog
The Shining One

Shops:
D:7 %

Annotations:
Abyss:1 Menkaure, Pikel, Sigmund


Innate Abilities, Weirdness & Mutations

You cannot be hasted, slowed, berserked, paralysed or teleported.
You can dig through walls and to a lower floor.
Your four strong arms can wield two-handed weapons with a shield.
You have a pair of large antennae on your head. (SInv)


Message History

The centaur shoots an arrow.
The arrow misses you.
The centaur unwields an uncursed shortbow.
The centaur hits you!
The centaur shoots an arrow.
The arrow hits you!
You hit the centaur but do no damage.
The centaur is severely wounded.
The centaur hits you!
You are too injured to fight recklessly!
The centaur shoots an arrow.
The arrow hits you!
The centaur wields an uncursed shortbow.
The centaur shoots an arrow.
The arrow hits you.
* * * LOW HITPOINT WARNING * * *
The centaur shoots an arrow.
The arrow hits you but does no damage.
The centaur shoots an arrow.
The arrow barely misses you.
You see here 3 arrows.
The centaur shoots an arrow.
The arrow hits you!
* * * LOW HITPOINT WARNING * * *
You see here an arrow.
It was a potion of magic.
Magic courses through your body.
The centaur shoots an arrow.
The arrow hits you!
You die...

...... ....c.########
....#{.......#
....#........#
.............#
...(...c(...# ..##.....#
......c(#########..#.....#
....(...#####...##.#.....#
..(.....(@......##........
................##........
.....#..........##........
.....#..........##........
.....(..........##........
........###..........##...
........# ##..........#..#
.......####........#.#...
.......##..........#.#...


You could see a centaur.

Vanquished Creatures
  A spriggan (D:7)
  A water moccasin (D:7)
  An orc warrior (D:7)
  4 ogres
  A slave (D:6)
  2 phantoms
  3 wights (D:6)
  2 jellies (D:6)
  A crimson imp (D:5)
  5 orc priests
  A bullfrog skeleton (D:4)
  3 orc wizards
  Ijyb (D:2)
  An iguana (D:5)
  3 worker ants
  A hound skeleton (D:6)
  A howler monkey zombie (D:6)
  10 adders
  4 gnolls
  An ooze (D:3)
  2 adder skeletons
  4 worms
  4 dart slugs
  2 leopard geckos
  23 orcs
  2 ball pythons
  7 bats
  2 giant cockroaches
  7 goblins
  14 hobgoblins
  6 jackals (D:2)
  6 kobolds
  5 quokkas
  6 frilled lizards
  9 rats
146 creatures vanquished.

Vanquished Creatures (others)
  An orc wizard (D:5)
1 creature vanquished.

Grand Total: 147 creatures vanquished

Notes
Turn   | Place    | Note
-------+----------+-------------------------------------------
     0 | Abyss:1  | esteth the Formicid Abyssal Knight began the quest for the Orb.
     0 | Abyss:1  | Reached XP level 1. HP: 18/18 MP: 2/2
    35 | D:1      | Escaped the Abyss
   189 | D:1      | Reached XP level 2. HP: 24/24 MP: 3/3
   731 | D:1      | Reached XP level 3. HP: 26/29 MP: 4/4
   797 | D:1      | Reached ** piety under Lugonu
  1333 | D:2      | Reached XP level 4. HP: 31/35 MP: 5/5
  2343 | D:2      | Reached XP level 5. HP: 35/41 MP: 6/6
  2452 | D:3      | Noticed Ijyb
  2485 | D:2      | Killed Ijyb
  2485 | D:2      | Reached skill level 5 in Polearms
  2737 | D:3      | Reached *** piety under Lugonu
  2750 | D:3      | You fall through a shaft for 2 floors!
  2750 | D:5      | Entered Level 5 of the Dungeon
  3004 | D:5      | Reached XP level 6. HP: 37/47 MP: 6/8
  3214 | D:5      | Found a snail-covered altar of Cheibriados.
  3230 | D:5      | Noticed a phantom
  3240 | D:5      | Killed a phantom
  3240 | D:5      | Reached skill level 5 in Invocations
  3321 | D:5      | Reached XP level 7. HP: 19/52 MP: 11/11
  4040 | D:4      | Noticed Sigmund
  4041 | D:4      | Banished Sigmund
  4061 | D:4      | Reached XP level 8. HP: 23/58 MP: 10/13
  5043 | D:3      | Found a blossoming altar of Fedhas.
  5772 | D:5      | Noticed Menkaure
  5787 | D:5      | HP: 1/60 [Menkaure (17)]
  5788 | D:5      | Banished Menkaure
  6158 | D:5      | Noticed Pikel
  6319 | D:6      | Banished Pikel
  6751 | D:6      | Reached XP level 9. HP: 59/71 MP: 14/14
  7122 | D:6      | Found a bloodstained altar of Trog.
  7157 | D:6      | Reached **** piety under Lugonu
  7176 | D:6      | Found a staircase to the Ecumenical Temple.
  7271 | D:6      | Found a sacrificial altar of Ru.
  7271 | D:6      | Found a glowing golden altar of the Shining One.
  8114 | D:7      | Identified the Incunabulum of Cloudy Aid
  8191 | D:7      | Learned a level 3 spell: Spectral Weapon
  8225 | D:7      | Found Busheo's Food Boutique.
  8578 | D:8      | Shot with an arrow by a centaur

Vault maps used:
D:1:      nicolae_arrival_memento_mori, kennysheep_boxes
D:2:      first_bread, cheibrodos_gnoll_hut
D:3:      nicolae_overflow_crystal_walls, uniq_ijyb
D:4:      uniq_sigmund
D:5:      old_standard_altar, gup_ossuary_entry_pyramid, uniq_menkaure,
          uniq_pikel
D:6:      gammafunk_temple_overflow_elements, lemuel_doored_altar,
          minmay_temple_entry_statues_pillars
D:7:      serial_shops, shop, the_bakery, hex_tiny
D:8:      nemelex_xobeh_ov_fountains_minmay

Skill      XL: |  1  2  3  4  5  6  7  8  9 |
---------------+----------------------------+-----
Polearms       | 3 4 5 6 8 |  8.2
Invocations    | 3 5 7 |  7.8
Fighting       | 6 8 |  8.0
Armour         | |  2.1
Dodging        | |  0.8
Hexes          | |  0.2

Action                   |  1- 3 |  4- 6 |  7- 9 || total
-------------------------+-------+-------+-------++-------
Melee: Spear             |   128 |   208 |   192 ||   528
       Halberd           |       |       |   119 ||   119
       War axe           |       |       |    25 ||    25
       Trident           |       |       |    14 ||    14
Invok: Banish            |       |       |     3 ||     3
 Abil: Shaft Self        |       |     1 |       ||     1
  Use: Scroll            |     3 |     3 |     6 ||    12
       Potion            |       |     1 |     4 ||     5
 Stab: Distracted        |       |     1 |       ||     1
  Eat: Chunk             |     1 |     5 |    30 ||    36
       Bread ration      |       |     1 |       ||     1
Armor: Leather armour    |    22 |    30 |     1 ||    53
       Ring mail         |       |    15 |    11 ||    26
       Chain mail        |       |       |   112 ||   112
Dodge: Dodged            |    48 |    72 |    95 ||   215
